[Event "Team 45 45 League T58"]
[Site "Internet Chess Club"]
[Date "2013.09.22"]
[Round "5"]
[White "pishd"]
[Black "fishhead"]
[Result "1/2-1/2"]
[WhiteElo "1756"]
[BlackElo "1827"]
[Opening "King's Indian: London system"]
[ECO "A48"]
[Time "12:11:09"]
[TimeControl "2700+45"]

1. d4 Nf6 2. Nf3 g6 3. Bf4 Nh5 4. Bg5 h6 5. Bd2 d6 6. h3 Bg7 7. c3 c6 8. e4 Nd7
9. Be2 e5 10. dxe5 dxe5 11. Be3 Qc7 12. Qc1 Nf4 13. Bf1 g5 14. g3 Ng6 15. Nbd2
Nf6 16. Qc2 b5 17. a4 Bd7 18. Bc5 Bf8 19. Nb3 Bxc5 20. Nxc5 O-O 21. Nxd7 Qxd7
22. Rd1 Qb7 23. axb5 cxb5 24. Nd2 Kg7 25. Bg2 a5 26. O-O Rfc8 27. Qd3 Rd8 28.
Qe2 Qb6 29. Rfe1 a4 30. Nf1 a3 31. Rxd8 Qxd8 32. bxa3 Rxa3 33. Qxb5 Rxc3 {Game
drawn by mutual agreement} 1/2-1/2

[Event "Team 45 45 League T58"]
[Site "Internet Chess Club"]
[Date "2013.09.21"]
[Round "5"]
[White "dmarcolino"]
[Black "BigH"]
[Result "0-1"]
[WhiteElo "1919"]
[BlackElo "2140"]
[Opening "Modern defense: Averbakh system"]
[ECO "A10"]
[Time "14:21:04"]
[TimeControl "2700+45"]

1. c4 g6 2. Nc3 Bg7 3. d4 d6 4. e4 Nd7 5. Nf3 e5 6. d5 Ne7 7. Be2 O-O 8. O-O f5
9. Ng5 Nc5 10. exf5 gxf5 11. b4 Na6 12. a3 h6 13. Ne6 Bxe6 14. dxe6 Rf6 15. Qb3
c6 16. g4 Nc7 17. gxf5 Nxf5 18. Bh5 Nxe6 19. Ne4 Rf8 20. Kh1 Qh4 21. Qf3 d5
{White resigns} 0-1

[Event "Team 45 45 League T58"]
[Site "Internet Chess Club"]
[Date "2013.09.21"]
[Round "5"]
[White "TerryMalloy"]
[Black "jjimalo"]
[Result "1/2-1/2"]
[WhiteElo "2077"]
[BlackElo "1948"]
[Opening "Sicilian: Najdorf, 7...Be7 main line"]
[ECO "B99"]
[Time "12:01:12"]
[TimeControl "2700+45"]

1. e4 c5 2. Nf3 d6 3. d4 cxd4 4. Nxd4 Nf6 5. Nc3 a6 6. Bg5 e6 7. f4 Be7 8. Qf3
Qc7 9. O-O-O Nbd7 10. g4 b5 11. Bxf6 Nxf6 12. g5 Nd7 13. f5 Bxg5+ 14. Kb1 Nc5
15. Bxb5+ axb5 16. Ndxb5 Qe7 17. Nxd6+ Kf8 18. e5 Rb8 19. Qc6 Bb7 20. Nxb7 Qxb7
21. Qxb7 Rxb7 22. Rhg1 Be7 23. fxe6 Nxe6 24. a4 g6 25. Nb5 Kg7 26. b3 Ra8 27.
Kb2 Nc5 28. c3 Nxa4+ 29. bxa4 Rxa4 30. Kb3 Re4 31. Rd5 f6 32. exf6+ Bxf6 33.
Rgd1 h5 34. c4 Re2 35. R1d2 Rxd2 36. Rxd2 g5 37. Kb4 g4 38. c5 Be5 39. c6 Rf7
40. Rc2 h4 41. c7 Bxc7 42. Nxc7 g3 43. hxg3 hxg3 44. Ne6+ Kf6 45. Rg2 {Game
drawn by mutual agreement} 1/2-1/2

[Event "Team 45 45 League T58"]
[Site "Internet Chess Club"]
[Date "2013.09.22"]
[Round "5"]
[White "justice02"]
[Black "zap2"]
[Result "1-0"]
[WhiteElo "1812"]
[BlackElo "1720"]
[Opening "English opening"]
[ECO "E70"]
[Time "15:15:52"]
[TimeControl "2700+45"]

1. c4 Nf6 2. Nc3 d6 3. d4 g6 4. e4 Bg7 5. Bd3 O-O 6. Nge2 e5 7. d5 Nbd7 8. Ng3
Re8 9. Bg5 h6 10. Bd2 a5 11. Nb5 Nc5 12. Bc2 c6 13. Nc3 cxd5 14. cxd5 b6 15. O-O
Ba6 16. Re1 Rc8 17. Rc1 Qd7 18. h3 h5 19. Bg5 Nh7 20. Be3 h4 21. Nf1 Bf6 22. Qd2
Qe7 23. Nh2 Bg5 24. Ng4 Kg7 25. g3 hxg3 26. fxg3 Bxe3+ 27. Qxe3 Qg5 28. Qf3 Rf8
29. h4 Qh5 30. a3 f5 31. exf5 Rxf5 32. Bxf5 Qxf5 33. Qxf5 gxf5 34. Ne3 Kg6 35.
Rc2 Bd3 36. Rd2 Nf6 37. Kg2 e4 38. Rf2 Ng4 39. Nxg4 fxg4 40. Rf4 Kh5 41. b4 Nb3
42. Nxe4 Rc2+ 43. Rf2 Bxe4+ 44. Rxe4 Rxf2+ 45. Kxf2 axb4 46. Rxb4 Nc5 47. Rxb6
Ne4+ 48. Kg2 Kg6 49. a4 Kf7 50. a5 Nc3 51. a6 Nxd5 52. Rxd6 Ne3+ 53. Kg1 Ke7 54.
Rd3 Nc4 55. a7 Nb6 56. Ra3 Na8 57. Kf2 Kf6 58. Ke3 Ke5 59. Ra5+ Kd6 60. h5 Ke6
61. Rg5 Kf6 62. Rxg4 Kf5 63. Rg8 Nb6 64. a8=Q Nxa8 65. Rxa8 Kg5 66. Ra5+ Kh6 67.
g4 Kh7 68. Ra6 Kg7 69. Kf4 Kh7 70. Kg5 Kg8 71. Kg6 Kf8 72. h6 Ke7 73. h7 Kd7 74.
h8=Q Ke7 75. Qf6+ {Black resigns} 1-0

[Event "Team 45 45 League T58"]
[Site "Internet Chess Club"]
[Date "2013.09.20"]
[Round "5"]
[White "santiagoelawad"]
[Black "bat30"]
[Result "0-1"]
[WhiteElo "1987"]
[BlackElo "1933"]
[Opening "Benko's opening"]
[ECO "A00"]
[Time "19:00:45"]
[TimeControl "2700+45"]

1. g3 d5 2. Bg2 e5 3. Nf3 Nc6 4. d3 Nf6 5. O-O Bd6 6. Nbd2 O-O 7. e4 dxe4 8.
dxe4 Be6 9. c3 Qe7 10. Qe2 Rad8 11. Nc4 a5 12. h3 Bc5 13. a4 h6 14. Nh4 Qd7 15.
Kh2 Qd3 16. Qxd3 Rxd3 17. Ne3 Rfd8 18. Bf3 g6 19. Be2 R3d7 20. f3 Rd2 21. Bxd2
Rxd2 22. Nhg2 Rxe2 23. Rae1 Rxb2 24. Rb1 Re2 25. Rbe1 Rxe1 26. Rxe1 b6 27. Rb1
Ne8 28. g4 Nd6 29. Kg3 Nc4 30. Nc2 Na3 31. Nxa3 Bxa3 32. Ne3 Kf8 33. Nd5 Bxd5
34. exd5 Nd8 35. Kf2 Ke7 36. Ke3 Kd6 37. Ke4 Nb7 38. c4 Nc5+ 39. Ke3 Nxa4 40.
Ra1 Bc5+ 41. Kd2 Nb2 42. Rc1 Nxc4+ 43. Rxc4 Kxd5 44. Kd3 b5 45. Rc1 c6 46. Rd1
Bd4 {White resigns} 0-1

[Event "Team 45 45 League T58"]
[Site "Internet Chess Club"]
[Date "2013.09.23"]
[Round "5"]
[White "HumanTornado"]
[Black "WillC"]
[Result "1-0"]
[WhiteElo "1986"]
[BlackElo "1678"]
[Opening "English: Neo-Catalan declined"]
[ECO "A14"]
[Time "20:49:39"]
[TimeControl "2700+45"]

1. Nf3 d5 2. c4 e6 3. g3 Nf6 4. Bg2 Be7 5. O-O O-O 6. b3 c5 7. Bb2 Nc6 8. cxd5
Nxd5 9. Na3 b6 10. d4 cxd4 11. Nxd4 Nxd4 12. Qxd4 f6 13. Bxd5 exd5 14. Rfd1 Bb7
15. Nb5 Bc5 16. Qd3 Re8 17. e3 Qe7 18. a3 a5 19. Bd4 Rac8 20. Na7 Rc7 21. Nb5
Ba6 22. a4 Rec8 23. Qf5 Bxb5 24. Qxd5+ Kh8 25. axb5 Rd8 26. Bxc5 Rxd5 27. Bxe7
{Black resigns} 1-0

[Event "Team 45 45 League T58"]
[Site "Internet Chess Club"]
[Date "2013.09.21"]
[Round "5"]
[White "quickmissile"]
[Black "Zugzwanged"]
[Result "0-1"]
[WhiteElo "1799"]
[BlackElo "1774"]
[Opening "Petrov: Nimzovich attack"]
[ECO "C42"]
[Time "14:01:17"]
[TimeControl "2700+45"]

1. e4 e5 2. Nf3 Nf6 3. Nxe5 d6 4. Nf3 Nxe4 5. Nc3 Nxc3 6. dxc3 Be7 7. Be3 Be6 8.
Qd2 Nc6 9. Bb5 a6 10. Bxc6+ bxc6 11. Nd4 Qd7 12. Bg5 f6 13. Bf4 Bf7 14. O-O-O
O-O 15. g4 Rab8 16. g5 c5 17. Nb3 Qb5 18. c4 Bxc4 19. gxf6 Bxf6 20. Bg5 Bd4 21.
f4 Be2 22. Rde1 Rfe8 23. c3 Be3 24. Rxe2 Bxd2+ 25. Rxd2 Re2 26. Rxe2 Qxe2 27. f5
Qg2 {White resigns} 0-1

[Event "Team 45 45 League T58"]
[Site "Internet Chess Club"]
[Date "2013.09.21"]
[Round "5"]
[White "craftsman49868"]
[Black "oldsj"]
[Result "0-1"]
[WhiteElo "1607"]
[BlackElo "1550"]
[Opening "English, 1...Nf6 (Anglo-Indian defense)"]
[ECO "A15"]
[Time "09:00:39"]
[TimeControl "2700+45"]

1. c4 Nf6 2. g3 g6 3. Bg2 Bg7 4. Nc3 d6 5. e4 O-O 6. Nge2 e5 7. d3 Nc6 8. O-O
Nd4 9. h3 Bd7 10. Be3 c5 11. Qc1 Re8 12. Nd5 Nxe2+ {White resigns} 0-1

[Event "Team 45 45 League T58"]
[Site "Internet Chess Club"]
[Date "2013.09.28"]
[Round "5"]
[White "hewdondada"]
[Black "pishd"]
[Result "0-1"]
[WhiteElo "1711"]
[BlackElo "1772"]
[Opening "Trompowsky attack (Ruth, Opocenský opening)"]
[ECO "A45"]
[Time "12:15:52"]
[TimeControl "2700+45"]

1. d4 Nf6 2. Bg5 c6 3. Bxf6 gxf6 4. Nf3 e5 5. dxe5 fxe5 6. Nxe5 Qa5+ 7. Nc3 Qxe5
8. e3 Bb4 9. Qd3 Bxc3+ 10. bxc3 d5 11. Be2 Bf5 12. Qd2 Rg8 13. Bf3 Nd7 14. Rb1
O-O-O 15. Rb4 Nb6 16. O-O Be4 17. Bxe4 dxe4 18. Rd4 Rxd4 19. cxd4 Qg5 20. g3 h5
21. f4 Qf5 22. Kg2 h4 23. Rh1 Qh5 24. Qd1 Qxd1 25. Rxd1 Nd5 26. Re1 b5 27. a3 f5
28. Kf2 Kc7 29. gxh4 Rg4 30. h3 Rxh4 31. Kg3 Rh8 32. h4 Rg8+ 33. Kh3 Nf6 34. Rc1
Ng4 35. c4 bxc4 36. Rxc4 Nxe3 37. Ra4 Kb6 38. Rb4+ Ka6 39. Ra4+ Kb6 40. Rb4+ Ka5
41. Rb7 a6 42. Rc7 Kb6 43. Rd7 Nd5 44. Rf7 Nxf4+ 45. Kh2 e3 46. Rxf5 e2 47. Re5
Rg2+ 48. Kh1 Rf2 49. h5 Rf1+ 50. Kh2 e1=Q 51. Rxe1 Rxe1 52. h6 Re6 {White
resigns} 0-1

[Event "Team 45 45 League T58"]
[Site "Internet Chess Club"]
[Date "2013.09.23"]
[Round "5"]
[White "FourKnights"]
[Black "kidcobra"]
[Result "1/2-1/2"]
[WhiteElo "1801"]
[BlackElo "1799"]
[Opening "QGD: Marshall defense"]
[ECO "A50"]
[Time "16:01:55"]
[TimeControl "2700+45"]

1. d4 Nf6 2. c4 d5 3. cxd5 Nxd5 4. e4 Nb6 5. Nf3 e6 6. Bb5+ Bd7 7. Bd3 Nc6 8.
O-O Be7 9. Nc3 O-O 10. Be3 Bb4 11. a3 Bxc3 12. bxc3 Qe7 13. c4 f5 14. exf5 exf5
15. Re1 Qd8 16. d5 Ne7 17. Bc5 Re8 18. Qc2 Na4 19. Bd4 c5 20. Be3 {Game drawn by
mutual agreement} 1/2-1/2

[Event "Team 45 45 League T58"]
[Site "Internet Chess Club"]
[Date "2013.09.22"]
[Round "5"]
[White "Timotheous"]
[Black "timothysmall56"]
[Result "1-0"]
[WhiteElo "1819"]
[BlackElo "1714"]
[Opening "English opening"]
[ECO "A05"]
[Time "13:08:39"]
[TimeControl "2700+45"]

1. Nf3 Nf6 2. c4 g6 3. b4 Bg7 4. Bb2 O-O 5. g3 b6 6. Bg2 Bb7 7. O-O d5 8. cxd5
Bxd5 9. d3 Qd6 10. a3 Nbd7 11. e4 Bc6 12. e5 Bxf3 13. exd6 Bxd1 14. dxe7 Rfe8
{Black resigns} 1-0

[Event "Team 45 45 League T58"]
[Site "Internet Chess Club"]
[Date "2013.09.20"]
[Round "5"]
[White "supermessi"]
[Black "mongmong"]
[Result "0-1"]
[WhiteElo "1517"]
[BlackElo "1587"]
[Opening "Nimzo-Indian: 4.e3 O-O"]
[ECO "E46"]
[Time "21:30:25"]
[TimeControl "2700+45"]

1. d4 e6 2. c4 Nf6 3. Nc3 Bb4 4. e3 O-O 5. Bd2 d5 6. Nf3 b6 7. Bd3 Bb7 8. O-O
Bd6 9. Nb5 Be7 10. Ne5 a6 11. Nc3 Nfd7 12. f4 dxc4 13. Bxc4 c5 14. Nxf7 Rxf7 15.
Bxe6 Qf8 16. Qb3 cxd4 17. exd4 g6 18. f5 Kg7 19. Bh6+ Kxh6 20. Bxf7 Kg7 21. fxg6
Nf6 22. gxh7 Nbd7 23. Bg8 Kh8 24. Rae1 Qg7 25. g3 Bd6 26. Ne2 Re8 27. d5 Nxg8
28. hxg8=Q+ Kxg8 29. Rf2 Bc5 30. d6+ Kh8 31. Qd3 Qf6 32. Rf1 Rf8 33. Nf4 Ne5 34.
Qd1 Nf3+ 35. Kg2 Nd2+ 36. Kg1 Nxf1 37. Qh5+ Kg8 38. Qg4+ Kf7 39. Qd7+ Kg8 40.
Qg4+ Qg7 41. Qe6+ Kh7 42. Qh3+ Qh6 43. Qd7+ Kh8 44. Kxf1 Bxf2 45. Kxf2 Qxh2+ 46.
Ke3 Qxg3+ 47. Ke2 Bf3+ 48. Kd2 Qxf4+ 49. Kc3 Qe3+ 50. Kc4 Be2+ 51. Kd5 Bf3+ 52.
Kc4 Rf4# {White checkmated} 0-1

[Event "Team 45 45 League T58"]
[Site "Internet Chess Club"]
[Date "2013.09.20"]
[Round "5"]
[White "Mitochondria"]
[Black "Merlin43"]
[Result "0-1"]
[WhiteElo "1481"]
[BlackElo "1416"]
[Opening "QGD: Orthodox defense, Botvinnik variation"]
[ECO "D60"]
[Time "14:16:03"]
[TimeControl "2700+45"]

1. d4 d5 2. c4 e6 3. Nc3 Nf6 4. Bg5 Be7 5. Nf3 O-O 6. e3 Nbd7 7. Bd3 b6 8. O-O
Bb7 9. Rc1 c5 10. h3 Rc8 11. Qe2 dxc4 12. Bxc4 Bxf3 13. Qxf3 cxd4 14. Nb5 Ne5
15. Qd1 Nxc4 16. exd4 a6 17. Nc3 Nxb2 18. Qe2 Nc4 19. Ne4 Nxe4 20. Bxe7 Qxe7 21.
Rxc4 Rxc4 22. Qxc4 Nd2 23. Qxa6 Nxf1 24. Kxf1 Qb4 25. d5 exd5 26. g3 Qc4+ {White
resigns} 0-1

[Event "Team 45 45 League T58"]
[Site "Internet Chess Club"]
[Date "2013.09.21"]
[Round "5"]
[White "Visin"]
[Black "AlPearson"]
[Result "0-1"]
[WhiteElo "1326"]
[BlackElo "1397"]
[Opening "Caro-Kann: exchange variation"]
[ECO "B13"]
[Time "08:12:11"]
[TimeControl "2700+45"]

1. e4 c6 2. d4 d5 3. exd5 cxd5 4. Nf3 Nc6 5. Bb5 Bg4 6. Nbd2 Nf6 7. O-O e6 8. c3
Be7 9. Qa4 Qb6 10. Bxc6+ bxc6 11. Ne5 Be2 12. Re1 Bb5 13. Qb3 a5 14. a4 O-O 15.
axb5 cxb5 16. Qc2 Rfc8 17. b3 b4 18. Bb2 bxc3 19. Bxc3 Bb4 20. Re3 Rc7 21. Qb2
Rac8 22. Rc1 Qd6 23. f3 Ba3 24. Qb1 Bxc1 25. Qxc1 Qa6 26. Qb2 a4 27. b4 a3 28.
Qa1 a2 29. Nb3 Rxc3 30. Rxc3 Rxc3 31. Qxc3 g6 32. Qc2 a1=Q+ 33. Nxa1 Qxa1+ 34.
Kf2 Qxd4+ 35. Kf1 Qxe5 36. Qe2 Qxe2+ 37. Kxe2 Kf8 38. Kd3 Ke7 39. f4 Kd6 40. h3
Kc6 {White resigns} 0-1

[Event "Team 45 45 League T58"]
[Site "Internet Chess Club"]
[Date "2013.09.21"]
[Round "5"]
[White "dknight"]
[Black "PaulRichard"]
[Result "1-0"]
[WhiteElo "1392"]
[BlackElo "1514"]
[Opening "French: exchange, Svenonius variation"]
[ECO "C01"]
[Time "18:00:09"]
[TimeControl "2700+45"]

1. e4 e6 2. d4 d5 3. exd5 exd5 4. Nc3 Nf6 5. Bg5 h6 6. Bh4 Be7 7. Bd3 Nc6 8. Nf3
Bg4 9. Qe2 Nxd4 10. Qe3 Nxf3+ 11. gxf3 Be6 12. O-O-O c6 13. Rhg1 g5 14. Bg3 Qd7
15. Qe5 O-O-O 16. Qb8# {Black checkmated} 1-0

[Event "Team 45 45 League T58"]
[Site "Internet Chess Club"]
[Date "2013.09.20"]
[Round "5"]
[White "akshayk06"]
[Black "tornado100"]
[Result "1/2-1/2"]
[WhiteElo "1475"]
[BlackElo "1417"]
[Opening "English: symmetrical, main line with d3"]
[ECO "A38"]
[Time "20:30:37"]
[TimeControl "2700+45"]

1. c4 c5 2. Nc3 Nc6 3. Nf3 g6 4. g3 Bg7 5. Bg2 Nf6 6. O-O O-O 7. d3 d6 8. Bg5 h6
9. Bd2 Be6 10. e4 Kh7 11. Nd5 Qc8 12. Nh4 Bxd5 13. cxd5 Nd8 14. f4 Ng8 15. f5 g5
16. Ng6 fxg6 17. fxg6+ Kxg6 18. e5 Rxf1+ 19. Qxf1 Bxe5 20. Be4+ Kg7 21. Bf5 e6
22. dxe6 Nxe6 23. Qh3 Kf6 24. Rf1 Ke7 25. Qh5 Bd4+ 26. Kg2 Qc6+ 27. Be4 d5 28.
Qf7+ Kd6 29. Bf5 Qd7 30. Qg6 Ne7 31. Qxh6 Rh8 32. Bh7 Bg7 33. Qh5 Nf8 34. Qxg5
Rxh7 35. Bf4+ Kc6 36. d4 Qh3+ 37. Kf2 Bxd4+ 38. Be3 Qxh2+ 39. Ke1 Bxe3 40. Qxe3
Nfg6 41. Rf6+ Kb5 42. Qb3+ Ka5 43. Qa3+ Kb5 44. Qb3+ Ka5 45. Qa3+ Kb5 46. Qb3+
Ka5 47. Qa3+ Kb5 48. Qb3+ Ka5 {Game drawn by repetition} 1/2-1/2

[Event "Team 45 45 League T58"]
[Site "Internet Chess Club"]
[Date "2013.09.22"]
[Round "5"]
[White "Bizzy-Ketty"]
[Black "Conjurer"]
[Result "0-1"]
[WhiteElo "1391"]
[BlackElo "1382"]
[Opening "Sicilian: accelerated fianchetto, modern variation with Bc4"]
[ECO "B35"]
[Time "13:15:07"]
[TimeControl "2700+45"]

1. e4 c5 2. Nf3 Nc6 3. Bc4 g6 4. d4 cxd4 5. Nxd4 Bg7 6. Be3 Nf6 7. Nc3 O-O 8.
O-O d6 9. Qd2 Ng4 10. h3 Nxe3 11. fxe3 Ne5 12. Bb3 a6 13. Rf2 b5 14. Raf1 e6 15.
Nf3 Bb7 16. Rd1 Nxf3+ 17. Rxf3 b4 18. Ne2 Bxe4 19. Rf4 d5 20. Qxb4 Rb8 21. Qa3
Qb6 22. Nd4 e5 23. Rf2 exd4 24. exd4 Bxd4 25. Rf1 Bxf2+ 26. Rxf2 Rfc8 27. Qe7
Rc7 28. Qg5 Bxc2 29. Bxd5 Qd4 30. Qd2 Bd3 31. Qg5 Kg7 32. Bb3 Rxb3 33. axb3 Rc2
34. Qg3 Rxb2 35. h4 h5 36. Qf3 Rxf2 37. Qxf2 Qxf2+ 38. Kxf2 a5 39. Ke3 Bc2 40.
Kd2 Bxb3 41. Kc3 a4 42. Kb2 Kf6 43. Ka3 Ke5 44. Kb2 Kd4 45. Ka3 Ke3 46. Kb2 Kf2
47. Ka3 Kxg2 48. Kb2 f5 49. Kc3 f4 50. Kd3 f3 51. Kd2 f2 52. Ke3 f1=Q 53. Ke4
Qf5+ 54. Kd4 Qd5+ 55. Ke3 Kg3 56. Ke2 Qe4+ 57. Kd2 Kf2 58. Kc3 Qc4+ 59. Kb2 Qb4
60. Kc1 Ke2 61. Kb2 a3+ 62. Kc1 Qe1# {White checkmated} 0-1

[Event "Team 45 45 League T58"]
[Site "Internet Chess Club"]
[Date "2013.09.20"]
[Round "5"]
[White "mhavgar"]
[Black "zap2"]
[Result "1/2-1/2"]
[WhiteElo "1766"]
[BlackElo "1747"]
[Opening "Old Indian defense"]
[ECO "E67"]
[Time "04:39:38"]
[TimeControl "2700+45"]

1. d4 d6 2. c4 Nf6 3. Nf3 g6 4. g3 Bg7 5. Bg2 Nbd7 6. O-O O-O 7. Nc3 c6 8. b3 e5
9. Ba3 exd4 10. Nxd4 Qa5 11. Bb2 Ng4 12. e3 Qh5 13. h3 Ngf6 14. Qxh5 Nxh5 15.
Ne4 c5 16. g4 cxd4 17. gxh5 dxe3 18. Bxg7 exf2+ 19. Rxf2 Kxg7 20. hxg6 fxg6 21.
Rxf8 Kxf8 22. Nxd6 Nc5 23. Re1 Bd7 24. Nxb7 Nxb7 25. Bxb7 Rd8 26. Re3 Bf5 27. c5
Rd1+ 28. Kf2 Rd2+ 29. Re2 Rxe2+ 30. Kxe2 Ke7 31. h4 Be6 32. Ke3 h6 33. Kf4 a5
34. Ke5 g5 35. hxg5 hxg5 36. c6 g4 37. c7 g3 38. Bc6 Bc8 39. a3 Ba6 40. b4 axb4
41. axb4 g2 42. Bxg2 Kd7 43. c8=Q+ Kxc8 44. Kd6 Kb8 45. Bc6 Be2 46. Kc5 Kc7 47.
b5 {Game drawn by mutual agreement} 1/2-1/2

[Event "Team 45 45 League T58"]
[Site "Internet Chess Club"]
[Date "2013.09.23"]
[Round "5"]
[White "knightstormala"]
[Black "burnsy"]
[Result "0-1"]
[WhiteElo "1735"]
[BlackElo "1534"]
[Opening "Grünfeld: 4.Bf4"]
[ECO "D82"]
[Time "20:01:06"]
[TimeControl "2700+45"]

1. d4 Nf6 2. c4 g6 3. Nc3 d5 4. Bf4 Bg7 5. e3 c6 6. h3 Bf5 7. Nf3 Nbd7 8. cxd5
Nxd5 9. Nxd5 cxd5 10. Qb3 Qa5+ 11. Nd2 O-O 12. Bd3 Bxd3 13. Qxd3 e5 14. dxe5
Nxe5 15. Bxe5 Bxe5 16. O-O Bxb2 17. Rab1 Bg7 18. a3 b6 19. Rb5 Qa6 20. Rxd5 Qxd3
21. Rxd3 Rfd8 22. Rxd8+ Rxd8 23. Nf3 b5 24. Rb1 a6 25. Rb3 Rd1+ 26. Kh2 Ra1 27.
Nd4 Bf8 28. Nc2 Ra2 29. Rc3 Kg7 30. Kg3 a5 31. Nd4 Rxa3 32. Nxb5 Bd6+ 33. Kf3
Rxc3 34. Nxc3 f5 35. e4 Kf6 36. exf5 Kxf5 37. Ke2 Bc5 38. g3 Ke5 39. f4+ Kd4 40.
Na4 Ba7 41. Kd2 Ke4 42. Ke2 Bd4 43. Kd2 Kf3 44. Kd3 Bf2 {White resigns} 0-1

[Event "Team 45 45 League T58"]
[Site "Internet Chess Club"]
[Date "2013.09.19"]
[Round "5"]
[White "rayfincle"]
[Black "Bryant-L"]
[Result "1-0"]
[WhiteElo "1495"]
[BlackElo "1599"]
[Opening "Queen's bishop game"]
[ECO "D00"]
[Time "15:00:05"]
[TimeControl "2700+45"]

1. d4 d5 2. Bf4 Nf6 3. Nf3 Bf5 4. e3 e6 5. Bd3 Bg6 6. h3 Nbd7 7. c3 c5 8. Bxg6
hxg6 9. Nbd2 Qb6 10. Qb3 cxd4 11. exd4 Rc8 12. Ne5 Nxe5 13. Qxb6 axb6 14. Bxe5
Ng4 15. Bh2 Nxh2 16. Rxh2 Bd6 17. Rh1 Kd7 18. Nf3 f6 19. Rd1 g5 20. Ke2 g4 21.
hxg4 b5 22. g5 f5 23. Ne5+ Bxe5 24. dxe5 Ra8 25. a3 Ke7 26. Rxh8 Rxh8 27. f4 Kd7
28. Ra1 Kc6 29. a4 Rd8 30. Kd3 Kc5 31. b4+ Kc6 32. a5 b6 33. axb6 Kxb6 34. Rg1
Rh8 35. g4 Rh3+ 36. Kd2 Rh2+ 37. Kd3 Rh4 38. gxf5 Rxf4 39. fxe6 Kc6 40. Rg3 Rf5
41. g6 Rxe5 42. Re3 Rxe3+ 43. Kxe3 Kd6 44. Kd4 Kxe6 45. Kc5 Kf6 46. Kxb5 Kxg6
47. Kc5 Kf5 48. b5 g5 49. b6 g4 50. b7 {Black resigns} 1-0

[Event "Team 45 45 League T58"]
[Site "Internet Chess Club"]
[Date "2013.09.21"]
[Round "5"]
[White "monkhammer"]
[Black "Berke"]
[Result "1-0"]
[WhiteElo "1689"]
[BlackElo "1483"]
[Opening "Alekhine's defense: modern variation"]
[ECO "B04"]
[Time "09:00:42"]
[TimeControl "2700+45"]

1. e4 Nf6 2. e5 Nd5 3. d4 d6 4. Nf3 e6 5. c4 Nb6 6. Nc3 dxe5 7. Nxe5 Bb4 8. a3
Bxc3+ 9. bxc3 Nc6 10. Nxc6 bxc6 11. Bd3 Qf6 12. O-O O-O 13. Bc2 g6 14. Bh6 Re8
15. Qd3 Ba6 16. Qg3 Nxc4 17. Bd3 e5 {Black resigns} 1-0

[Event "Team 45 45 League T58"]
[Site "Internet Chess Club"]
[Date "2013.09.23"]
[Round "5"]
[White "RedAttack"]
[Black "ScotchYeti"]
[Result "1-0"]
[WhiteElo "1845"]
[BlackElo "1663"]
[Opening "Queen's pawn game"]
[ECO "A46"]
[Time "16:02:32"]
[TimeControl "2700+45"]

1. d4 Nf6 2. Nf3 c5 3. Nc3 cxd4 4. Nxd4 d6 5. g3 Nc6 6. Nxc6 bxc6 7. Bg2 Bd7 8.
O-O e5 9. Bg5 h6 10. Bxf6 Qxf6 11. Nb5 Rc8 12. Nc3 Be7 13. f4 Qe6 14. f5 Qc4 15.
Ne4 Qd4+ 16. Qxd4 exd4 17. f6 gxf6 18. Nxf6+ Bxf6 19. Rxf6 Ke7 20. Raf1 Be6 21.
b3 Rc7 22. h4 Kf8 23. Rxe6 {Black resigns} 1-0

[Event "Team 45 45 League T58"]
[Site "Internet Chess Club"]
[Date "2013.09.22"]
[Round "5"]
[White "cBishop"]
[Black "OneDirection"]
[Result "0-1"]
[WhiteElo "1653"]
[BlackElo "1505"]
[Opening "King's Indian: Sämisch, orthodox, 7.d5"]
[ECO "E87"]
[Time "12:00:31"]
[TimeControl "2700+45"]

1. d4 Nf6 2. c4 g6 3. Nc3 Bg7 4. e4 d6 5. f3 O-O 6. Be3 e5 7. d5 Nbd7 8. b4 a5
9. a3 Qe7 10. Bd3 Nh5 11. Nge2 Nf4 12. Rc1 Nxg2+ 13. Kf2 Nxe3 14. Kxe3 Bh6+ 15.
Kf2 axb4 16. axb4 Qh4+ 17. Ng3 Bxc1 18. Qxc1 Nf6 19. c5 Nh5 20. Ne2 Nf4 21. Bc4
Ra2 22. Bxa2 Nd3+ {White resigns} 0-1

[Event "Team 45 45 League T58"]
[Site "Internet Chess Club"]
[Date "2013.09.22"]
[Round "5"]
[White "pereelcoix"]
[Black "cepheid"]
[Result "1-0"]
[WhiteElo "1607"]
[BlackElo "1587"]
[Opening "Sicilian: accelerated fianchetto, Maróczy bind, 6.Be3"]
[ECO "B38"]
[Time "10:01:43"]
[TimeControl "2700+45"]

1. e4 c5 2. Nf3 g6 3. c4 Bg7 4. d4 cxd4 5. Nxd4 Nc6 6. Be3 Nf6 7. Nc3 d6 8. Nxc6
bxc6 9. Be2 O-O 10. O-O Be6 11. Qd2 Re8 12. c5 d5 13. f3 dxe4 14. fxe4 Qxd2 15.
Bxd2 Rab8 16. b3 Nd7 17. Rac1 Bd4+ 18. Kh1 Nxc5 19. Rc2 Red8 20. Bf3 Nd7 21. Ne2
Bg7 22. Nf4 Nf8 23. Be3 Bc8 24. Bxa7 Rb7 25. Be3 Ne6 26. Rxc6 Ng5 27. Bb6 Re8
28. Rfc1 Bd7 29. Rc7 Rxb6 30. Rxd7 e6 31. Rc5 Nxf3 32. gxf3 Ra6 33. Rc2 Rea8 34.
a4 Rb6 35. Rd3 Rab8 36. Ne2 Rxb3 37. Rxb3 Rxb3 38. Ra2 Rb2 39. Rxb2 Bxb2 40. a5
Ba3 41. a6 Bc5 42. Nc3 Kf8 43. Nb5 f5 44. a7 Bxa7 45. Nxa7 fxe4 46. fxe4 Kg7 47.
e5 h5 48. Nc6 Kf7 49. Kg2 g5 50. Nd4 Kg6 51. Kg3 Kf7 52. h3 Ke7 53. Nf3 g4 54.
hxg4 hxg4 55. Kxg4 Kf7 56. Kh5 Kg7 57. Ng5 {Black resigns} 1-0

[Event "Team 45 45 League T58"]
[Site "Internet Chess Club"]
[Date "2013.09.23"]
[Round "5"]
[White "TwinsburgOHUSA"]
[Black "Andressa"]
[Result "1/2-1/2"]
[WhiteElo "1398"]
[BlackElo "1484"]
[Opening "Queen's pawn, Mason variation"]
[ECO "D00"]
[Time "18:34:27"]
[TimeControl "2700+45"]

1. d4 d5 2. Bf4 Nf6 3. e3 Nc6 4. Nf3 Bf5 5. Bb5 a6 6. Bxc6+ bxc6 7. O-O h6 8.
Ne5 Bd7 9. Nd2 e6 10. c3 Bd6 11. Ndf3 O-O 12. Qc2 c5 13. a3 Bb5 14. Rfb1 Ne4 15.
a4 Bd7 16. b3 f6 17. Ng6 Kf7 18. Nxf8 Qxf8 19. Bxd6 Qxd6 20. b4 c4 21. Nd2 Ng5
22. Qb2 e5 23. b5 axb5 24. axb5 Rb8 25. Qa3 Qe6 26. Qa6 Rb6 27. Qa7 Qd6 28. Ra6
Kg6 29. Rxb6 cxb6 30. h4 Ne6 31. Nf3 e4 32. Nh2 Nc7 33. Qb8 f5 34. g3 Kf7 35.
Ra1 Nxb5 36. Qxd6 Nxd6 37. Kf1 Nb5 38. Rc1 g6 39. Ke2 h5 40. Kd2 Nd6 41. Ra1 b5
42. Ra7 Ke6 {Game drawn by mutual agreement} 1/2-1/2

[Event "Team 45 45 League T58"]
[Site "Internet Chess Club"]
[Date "2013.09.21"]
[Round "5"]
[White "MedRep"]
[Black "sonoftill"]
[Result "1/2-1/2"]
[WhiteElo "2052"]
[BlackElo "2199"]
[Opening "Sicilian: accelerated fianchetto, Breyer variation"]
[ECO "B39"]
[Time "13:11:08"]
[TimeControl "2700+45"]

1. e4 c5 2. Nf3 g6 3. d4 cxd4 4. Nxd4 Bg7 5. c4 Nc6 6. Be3 Nf6 7. Nc3 Ng4 8.
Qxg4 Nxd4 9. Qd1 e5 10. Qd2 O-O 11. O-O-O a6 12. Ne2 Ne6 13. h4 b5 14. h5 Bb7
15. Nc3 Nd4 16. Bh6 Bxh6 17. Qxh6 g5 18. Qd6 Re8 19. Rxd4 exd4 20. Qxd4 b4 21.
h6 f6 22. Rh5 bxc3 23. Rxg5+ Kh8 24. e5 cxb2+ 25. Kxb2 Bxg2 26. exf6 Re4 27. Qc3
Rb8+ 28. Ka3 Qf8+ 29. c5 Qf7 30. Rg7 Qe6 31. Re7 Ra4+ 32. Kxa4 Qxa2+ 33. Qa3
Qc2+ 34. Ka5 Qd2+ 35. Kxa6 Bxf1+ 36. Ka7 Qf4 37. Rxd7 Bg2 38. f3 Bxf3 39. Qxf3
Qxf3 40. Kxb8 Qxf6 41. Rd6 Qe5 {Game drawn by mutual agreement} 1/2-1/2

[Event "Team 45 45 League T58"]
[Site "Internet Chess Club"]
[Date "2013.09.27"]
[Round "5"]
[White "SlimeDog2"]
[Black "koni"]
[Result "1-0"]
[WhiteElo "2056"]
[BlackElo "1899"]
[Opening "Old Indian: Tartakower (Wade) variation"]
[ECO "A41"]
[Time "02:04:15"]
[TimeControl "2700+45"]

1. d4 d6 2. Nf3 Bg4 3. c4 Nd7 4. Nc3 e5 5. dxe5 dxe5 6. Bg5 Be7 7. Bxe7 Nxe7 8.
Qc2 Nc6 9. e3 Nf6 10. Be2 Qe7 11. Nd5 Nxd5 12. cxd5 Nb4 13. Qa4+ Bd7 14. Qb3 a5
15. a3 a4 16. Qxb4 {Black resigns} 1-0